 Dungeon Crawl Stone Soup version 0.29.1-15-g9cfb28693d (webtiles) character file.

Game seed: 5268288629100813065

54 Sanktem7 the Digger (level 3, -1/19 HPs)
             Began as a Gargoyle Earth Elementalist on Mar 9, 2023.
             Slain by a gnoll
             ... wielding a +0 halberd
              (10 damage)
             ... on level 2 of the Dungeon.
             The game lasted 00:02:56 (1397 turns).

Sanktem7 the Digger (Gargoyle Earth Elementalist)   Turns: 1397, Time: 00:02:56

Health: -1/19      AC:  5    Str: 11    XL:     3   Next: 91%
Magic:  5/7        EV: 11    Int: 17    God:
Gold:   83         SH:  0    Dex: 10    Spells: 6/7 levels left

rFire   . . .      SeeInvis .   m - +0 whip {mace}
rCold   . . .      Faith    .   (no shield)
rNeg    + . .      Spirit   .   a - +0 robe
rPois   ∞          Reflect  .   (no helmet)
rElec   +          Harm     .   (no cloak)
rCorr   .          Rampage  .   (no gloves)
Will    .....                   (no boots)
Stlth   ++........              (no amulet)
HPRegen 0.06/turn               (no ring)
MPRegen 0.10/turn               (no ring)

@: no status effects
A: sickness immunity, AC +3, negative energy resistance 1, electricity
resistance, torment resistance 1, petrification resistance
a: no special abilities


You were on level 2 of the Dungeon.
You visited 1 branch of the dungeon, and saw 2 of its levels.

You collected 83 gold pieces.


Innate Abilities, Weirdness & Mutations

You are immune to sickness and miasma.
Your stone body is resilient. (AC +3)
You are immune to poison.
You resist negative energy. (rN+)
You are resistant to electric shocks. (rElec)
You are resistant to unholy torment.
You are immune to petrification.


   Skills:
 - Level 1.5 Dodging
 - Level 2.1 Stealth
 + Level 2.7 Spellcasting
 + Level 1.7 Transmutations
 + Level 4.4 Earth Magic


You had 6 spell levels left.
You knew the following spells:

 Your Spells              Type           Power      Damage    Failure   Level
a - Sandblast             Erth           34%        2d9       3%          1

Your spell library contained the following spells:

 Spells                   Type           Power      Damage    Failure   Level
 Passwall                 Tmut/Erth      10%        N/A       8%          2
 Stone Arrow              Conj/Erth      18%        3d8       22%         3
 Petrify                  Tmut/Erth      12%        N/A       45%         4

Inventory:

Hand Weapons
 c - a +3 antimagic dagger {short}
   (You took it off a kobold on level 1 of the Dungeon)
 m - a +0 whip (weapon) {mace}
   (You found it on level 1 of the Dungeon)
Missiles
 g - 12 stones {throwing}
 i - 2 poisoned darts {throwing}
Armour
 a - a +0 robe (worn)
Scrolls
 d - 3 scrolls of teleportation {unknown}
 f - a scroll of enchant armour {unknown}
 h - 2 scrolls of immolation {unknown}
 j - a scroll of poison {unknown}
 k - 2 scrolls of identify {unknown}
 l - a scroll of blinking {unknown}
Potions
 b - a potion of magic
 e - 3 potions of curing {unknown}

Dungeon Overview and Level Annotations

Branches:
Dungeon (2/15) Zot: 10582

Altars:
Makhleb

Shops:
D:1 (

Annotations:
D:2 Natasha

..#..# .....# #....#
######....# #.........#
#.g.......#############
#.$gg..................
#.....@....##########..
.....h..................
.......##...##########..
.#..... ##..#...# #..
#.....###......# #..
.......#.#.#....# ###..
.#.....#.#.#....####....
#####.#.#..#...#....###
#.#.##.#.....####


You could see Natasha and 3 gnolls.


Message History

Aim: Natasha (severely wounded, 77% to hit)
The blast of sand hits Natasha. 😎 MP[-1]
You lost 1 mp, and now have 4/6 mp.
Casting: Sandblast (safe; 3% risk of failure)
Confirm with . or Enter, or press ? or * to list all spells.
Aiming: Sandblast (safe; 3% risk of failure)
Press: ? - help, Shift-Dir - straight line, f/p - Natasha
Aim: Natasha (almost dead, 77% to hit)
The blast of sand hits Natasha!
You kill Natasha!
Natasha yowls pathetically as she dies!
The shadow imp disappears in a puff of smoke!
The giant cockroach bites you but does no damage. 😎 MP[-1]
Casting: Sandblast (safe; 3% risk of failure)
Confirm with . or Enter, or press ? or * to list all spells.
Aiming: Sandblast (safe; 3% risk of failure)
Press: ? - help, Shift-Dir - straight line, f - giant cockroach
Aim: a giant cockroach (82% to hit)
The blast of sand hits the giant cockroach.
You kill the giant cockroach! 😎 MP[-1]
You lost 1 mp, and now have 2/7 mp.
l - a scroll labelled AWNIOH EDATOA 😎 MP[+5]
Your mp is fully restored (7).
A quokka comes into view.
A quokka is nearby!
Casting: Sandblast (safe; 3% risk of failure)
Confirm with . or Enter, or press ? or * to list all spells.
Aiming: Sandblast (safe; 3% risk of failure)
Press: ? - help, Shift-Dir - straight line, f - quokka
Aim: a quokka (75% to hit)
The blast of sand hits the quokka.
The quokka misses you. 😎 MP[-1]
You lost 1 mp, and now have 6/7 mp.
Casting: Sandblast (safe; 3% risk of failure)
Confirm with . or Enter, or press ? or * to list all spells.
Aiming: Sandblast (safe; 3% risk of failure)
Press: ? - help, Shift-Dir - straight line, f/p - quokka
Aim: a quokka (heavily wounded, 75% to hit)
The blast of sand hits the quokka.
You kill the quokka! 😎 MP[-1]
You lost 1 mp, and now have 5/7 mp.
A dart slug comes into view. 😎 MP[+2]
Your mp is fully restored (7).
A dart slug is nearby!
Casting: Sandblast (safe; 3% risk of failure)
Confirm with . or Enter, or press ? or * to list all spells.
Aiming: Sandblast (safe; 3% risk of failure)
Press: ? - help, Shift-Dir - straight line, f - dart slug
Aim: a dart slug (asleep, 100% to hit)
The blast of sand hits the dart slug. 😎 MP[-1]
You lost 1 mp, and now have 6/7 mp.
Casting: Sandblast (safe; 3% risk of failure)
Confirm with . or Enter, or press ? or * to list all spells.
Aiming: Sandblast (safe; 3% risk of failure)
Press: ? - help, Shift-Dir - straight line, f/p - dart slug
Aim: a dart slug (heavily wounded, 100% to hit)
The blast of sand hits the dart slug!
You kill the dart slug! 😎 MP[-1]
You lost 1 mp, and now have 5/7 mp.
e - 3 orange potions (gained 1)
Found a stone staircase leading up. 😎 MP[+2]
Your mp is fully restored (7). 2 gnolls come into view.
There are monsters nearby!
A gnoll comes into view. It is wielding a +0 club.
Natasha, Servant of Life and Death comes into view.
The gnoll hits you from afar with a +0 halberd. 😕 HP[-2]
You take 2 damage, and now have 17/19 hp.
Casting: Sandblast (safe; 3% risk of failure)
Confirm with . or Enter, or press ? or * to list all spells.
Aiming: Sandblast (safe; 3% risk of failure)
Press: ? - help, Shift-Dir - straight line, f - gnoll
Aim: a gnoll, wielding a +0 halberd (84% to hit)
The blast of sand hits the gnoll but does no damage.
Natasha hisses angrily.
The gnoll shouts!
The gnoll closely misses you. 😕 MP[-1]
You lost 1 mp, and now have 6/7 mp.
Casting: Sandblast (safe; 3% risk of failure)
Confirm with . or Enter, or press ? or * to list all spells.
Aiming: Sandblast (safe; 3% risk of failure)
Press: ? - help, Shift-Dir - straight line, f/p - gnoll
Aim: a gnoll, wielding a +0 halberd (84% to hit)
The blast of sand hits the gnoll!
The gnoll shouts!
The gnoll hits you from afar with a +0 halberd!
* * * LOW HITPOINT WARNING * * *
The gnoll hits you from afar with a +0 halberd!
Ouch! That really hurt!
You die...

Skill      XL: |  1  2 |
---------------+-------+-----
Transmutations | 1 |  1.7
Earth Magic    | 4 |  4.4
Dodging        | |  1.5
Stealth        | |  2.1
Spellcasting   | |  2.7

Action                   || total
-------------------------++-------
 Cast: Sandblast         ||    40
Armor: Robe              ||     1
Dodge: Dodged            ||     9

Levels and vault maps discovered:
D:1:      dpeg_arrival_boxorama, layout_loops_ring, serial_shops,
          nicolae_shop_stone, dilly_ecumenical_altar_fadedgnrine,
          minmay_split_cup_large
D:2:      layout_rooms, basic_altar, nicolae_underground_beach, uniq_natasha

Notes
Turn   | Place    | Note
-------+----------+-------------------------------------------
     0 | D:1      | Sanktem7 the Gargoyle Earth Elementalist began the quest
                  | for the Orb.
     0 | D:1      | Reached XP level 1. HP: 10/10 MP: 3/3
     0 | D:1      | magus.rc [v1.9.6]
   207 | D:1      | Reached skill level 1 in Transmutations
   263 | D:1      | Reached XP level 2. HP: 15/15 MP: 3/5
   394 | D:1      | Found Deuffe's Antique Weapon Emporium.
   650 | D:1      | Reached skill level 4 in Earth Magic
   836 | D:1      | Found a faded altar of an unknown god.
  1124 | D:2      | Reached XP level 3. HP: 19/19 MP: 0/6
  1204 | D:2      | Found a burning altar of Makhleb.
  1208 | D:2      | Noticed Natasha
  1214 | D:2      | Killed Natasha
  1395 | D:2      | Noticed Natasha
  1397 | D:2      | Slain by a gnoll

Vanquished Creatures
  Natasha (D:2)
  2 dart slugs
  An endoplasm (D:1)
  2 giant cockroaches (D:2)
  3 goblins (D:1)
  2 hobgoblins (D:1)
  3 quokkas (D:2)
  3 bats (D:1)
  2 kobolds
  6 rats
25 creatures vanquished.

Table legend:
 A = Non-vault XP
 B = Vault XP
 C = Vault XP percentage of total XP
 D = Non-vault monster count
 E = Vault monster count
 F = Vault count percentage of total count
                 A         B        C        D         E       F
            +---------+---------+-------+---------+---------+-------
      Total |      38 |      40 |  51.3 |      20 |       5 |  20.0
            +---------+---------+-------+---------+---------+-------
        D:1 |      20 |       5 |  20.0 |      11 |       4 |  26.7
        D:2 |      18 |      35 |  66.0 |       9 |       1 |  10.0
            +---------+---------+-------+---------+---------+-------

Illustrated notes

Table legend:
 A = Kills in this place as a percentage of kills in entire the game.
 B = Kills by you in this place as a percentage of kills by you in the entire game.
 C = Kills by friends in this place as a percentage of kills by friends in the entire game.
 D = Other kills in this place as a percentage of other kills in the entire game.
 E = Experience gained in this place as a percentage of experience gained in the entire game.
 F = Experience gained in this place divided by the number of levels of this place that you have seen.
                   A       B       C       D       E      F
               +-------+-------+-------+-------+-------+----------------------
         Total | 100.0 | 100.0 |   N/A |   N/A | 100.0 |  39.0
       Dungeon | 100.0 | 100.0 |   N/A |   N/A | 100.0 |  39.0
               +-------+-------+-------+-------+-------+----------------------

Table legend: (Time is in decaauts)
 A = Elapsed time spent in this place.
 B = Non-inter-level travel time spent in this place.
 C = Inter-level travel time spent in this place.
 D = Time resting spent in this place.
 E = Time spent auto-exploring this place.
 F = Levels seen in this place.
 G = Mean time per level.
                   A        B        C        D        E       F      G
               +--------+--------+--------+--------+--------+-----+--------+
         Total |   1415 |   1415 |      0 |      0 |   1254 |   2 |  707.5 |
       Dungeon |   1415 |   1415 |      0 |      0 |   1254 |   2 |  707.5 |
               +--------+--------+--------+--------+--------+-----+--------+

Top non-repeatable levels by time:
     D:1: 1021 daAuts
     D:2: 394 daAuts
